[Event "17th Izmir Open 2018"]
[Site "Izmir"]
[Date "2018.09.13"]
[Round "8.5"]
[White "Ozkeskin, Nazim Efe"]
[Black "Kirilmaz, Emre"]
[Result "0-1"]
[ECO "B03"]
[WhiteElo "1538"]
[BlackElo "2017"]
[Annotator "NA RC"]
[PlyCount "156"]
[EventDate "2018.09.09"]
[EventType "swiss"]
[EventCountry "TUR"]
[SourceTitle "playchess.com"]
[Source "ChessBase"]
[SourceQuality "1"]
[TimeControl "5400+30"]

1. e4 Nf6 2. e5 Nd5 3. d4 d6 4. c4 Nb6 5. exd6 cxd6 6. Nc3 g6 7. Be3 Bg7 8. Rc1 O-O 9. b3 e5 10. dxe5 dxe5 11. Qxd8 Rxd8 12. c5 N6d7 13. Bc4 Nc6 {B03: Alekhine's Defence: Four Pawns Attack} 14. Nge2 (14. Nf3 h6 15. Nb5 e4 16. Nd2 Nde5 17. Nxe4 Nb4 18. O-O Nxa2 19. Rcd1 Bg4 20. f3 Nxc4 21. bxc4 Bd7 22. Nc7 {1-0 (41) Nguyen,T (2441)-Moussard,J (2573) Karlsruhe 2017}) 14... Na5 $146 ({Predecessor:} 14... b6 15. Bd5 Bb7 16. b4 bxc5 17. bxc5 Nf6 18. Bf3 Rab8 19. Rb1 Ba8 20. O-O Ne7 21. Bxa8 Rxa8 {0-1 (33) Diakonova,E (2321)-Goryachkina,A (2460) Sochi 2016}) 15. Nb5 Nxc4 16. Rxc4 Nf8 17. Nd6 b6 18. Nxc8 Rdxc8 19. cxb6 Rxc4 20. bxc4 axb6 21. Nc3 Rc8 22. Nd5 Rxc4 23. Nxb6 Rc2 24. a4 {[#]} f5 $1 25. O-O f4 26. Rc1 Rb2 27. Bc5 Ne6 28. Nc4 Ra2 29. Bd6 {[#]} e4 $1 30. Ne5 Bxe5 31. Bxe5 Rxa4 32. Ra1 ({Lieber} 32. Rb1 $15) 32... Rxa1+ 33. Bxa1 Kf7 34. Kf1 g5 35. Ke2 Kg6 36. g3 Kf5 37. h3 $2 (37. f3 exf3+ 38. Kxf3) 37... h5 38. Bb2 {[#]} Nc7 (38... e3 $142 $1 39. fxe3 fxg3) 39. h4 $2 (39. Bc3 $17) 39... gxh4 40. gxf4 $2 (40. gxh4 f3+ 41. Kf1) 40... h3 $2 (40... Kxf4 41. Bd4 Nd5) 41. Kf1 Kxf4 42. Kg1 Ne6 43. Bc1+ $2 (43. Bc3 $19) 43... Kg4 $2 (43... Kf3 44. Bd2 {[#]} h2+ $1 45. Kxh2 Kxf2) 44. Be3 Ng5 45. Bb6 Nf3+ 46. Kh1 Kf4 47. Bc7+ Kf5 48. Bb6 Kg6 49. Ba7 Kf7 50. Bb6 Ke6 51. Ba7 Kd5 52. Bb6 Kc6 53. Ba7 Kb5 54. Bb8 Kb6 55. Ba7+ Kc6 56. Bb8 Kd7 57. Ba7 Ke6 58. Bb6 Kf5 59. Ba7 Kf4 60. Be3+ Kf5 61. Ba7 Kg5 62. Bb6 Kg4 63. Ba7 Ne5 64. Kh2 Kh4 65. Bb6 Ng4+ 66. Kg1 Kg5 67. Bc7 Kf5 68. Bb8 Ke6 69. Kf1 Kd5 70. Bc7 Kc4 71. Bb8 Kd3 72. Ba7 h2 73. Kg2 Ke2 74. Bb6 Nxf2 75. Kxh2 Kf3 76. Ba5 e3 77. Bb4 e2 78. Ba5 Kg4 0-1

[Event "17th Izmir Open 2018"]
[Site "Izmir"]
[Date "2018.09.13"]
[Round "8.6"]
[White "Grigoriev, Armen"]
[Black "Camlar, Arda"]
[Result "0-1"]
[ECO "A00"]
[WhiteElo "2067"]
[BlackElo "1675"]
[Annotator "NA RC"]
[PlyCount "100"]
[EventDate "2018.09.09"]
[EventType "swiss"]
[EventCountry "TUR"]
[SourceTitle "playchess.com"]
[Source "ChessBase"]
[SourceQuality "1"]
[TimeControl "5400+30"]

1. Nf3 d5 2. b4 Nf6 3. Bb2 e6 4. a3 b6 {A00: Irregular Openings} (4... Be7 5. e3 O-O 6. Be2 c5 7. bxc5 Bxc5 8. O-O Nc6 9. d3 Be7 10. Nbd2 {½-½ (10) Stevic,H (2615)-Zelcic,R (2548) Gunja 2014}) 5. e3 Bb7 {LiveBook: 3 Games} 6. Be2 Nbd7 7. O-O Be7 8. d3 O-O 9. Nbd2 c5 10. c3 $146 ({Predecessor:} 10. b5 Qc7 11. c4 Rfd8 {0-1 (47) Zarko,I (1907)-Majeric,Z (2264) Velika Gorica 2013}) 10... Rc8 11. Rb1 Qc7 12. bxc5 Nxc5 13. c4 dxc4 14. Nxc4 b5 15. Be5 (15. Bxf6 $1 $11 Bxf3 16. gxf3 bxc4 17. Bxe7 Qxe7 18. dxc4) 15... Qd7 16. Na5 Ba8 17. Qd2 a6 18. Ra1 Rfd8 19. Bd4 Qd5 20. Rfd1 Rc7 (20... Qd6 $15) 21. h3 h6 22. e4 Qd7 $1 23. Be5 Rcc8 24. Bf1 Nh7 25. Qe3 Nf8 26. Qe1 (26. Bc3 $15) 26... Ng6 27. Bd4 f6 (27... Nh4 $17 28. Be3 Nxf3+ 29. gxf3 Na4) 28. Be3 Bd6 29. Rdc1 f5 30. Bxc5 Bxc5 31. Nb3 Bb6 32. exf5 (32. Rxc8 $142 Rxc8 33. Nbd2) 32... exf5 33. Ne5 (33. Nbd2 $17) 33... Nxe5 34. Qxe5 Qd5 35. Qxd5+ Bxd5 36. Nd2 (36. Rab1 {was necessary.}) 36... Bd4 37. Rxc8 Rxc8 38. Rd1 Rc3 39. Be2 Rxa3 40. Nf3 Bc3 41. g4 (41. Nh4 $142) 41... b4 $19 42. Nd2 Bxd2 43. Rxd2 Ra2 44. Rxa2 Bxa2 45. d4 a5 46. Bb5 Bd5 47. gxf5 b3 48. Ba4 b2 49. Bc2 a4 50. f6 a3 0-1

[Event "17th Izmir Open 2018"]
[Site "Izmir"]
[Date "2018.09.13"]
[Round "8.8"]
[White "Bozkurt, Atilla"]
[Black "Dere, Abdullah Dogukan"]
[Result "0-1"]
[ECO "A08"]
[WhiteElo "1755"]
[BlackElo "1938"]
[Annotator "NA RC"]
[PlyCount "86"]
[EventDate "2018.09.09"]
[EventType "swiss"]
[EventCountry "TUR"]
[SourceTitle "playchess.com"]
[Source "ChessBase"]
[SourceQuality "1"]
[TimeControl "5400+30"]

1. e4 c5 2. Nf3 g6 3. g3 Bg7 4. Bg2 Nc6 5. O-O Nf6 6. d3 d5 7. Nbd2 O-O 8. c3 Bg4 9. Qc2 {LiveBook: 3 Games A08: King's Indian Attack} Qc8 $146 ({Predecessor:} 9... Qd7 10. Re1 dxe4 11. dxe4 Rfd8 12. Nc4 Bxf3 13. Bxf3 b5 14. e5 bxc4 15. exf6 Bxf6 16. Bf4 Rac8 {0-1 (41) Petrosian,T (2601)-Wang,H (2709) Riadh 2017}) 10. Re1 Rd8 11. a3 a5 12. h4 Bh3 13. Bh1 h6 14. Nf1 e5 15. Ne3 dxe4 16. dxe4 Be6 ({Black should play} 16... a4 $15) 17. b3 (17. a4 $1 $11) 17... a4 (17... b5 $1 $15) 18. bxa4 Qc7 19. Rb1 Ra7 20. Nd2 Na5 21. c4 Nc6 22. Qb2 Nd4 23. Nd5 Nxd5 24. cxd5 Bd7 25. Qb6 Qb8 (25... Qxb6 $11 26. Rxb6 Bxa4) 26. Nc4 (26. a5 $16) 26... Bxa4 27. Be3 Bc2 28. Rb2 Bd3 29. Qxc5 $2 (29. Na5 $11 {and White is okay.} Qa8 30. Nb3) 29... Rc8 30. Qd6 Bxc4 31. Qb6 Ra6 32. Qxb7 Qxb7 33. Rxb7 Rxa3 34. Reb1 Raa8 35. d6 Rd8 36. Rc7 Ba2 37. Rb6 Ne6 38. Rc2 Nf8 39. f4 Be6 40. fxe5 (40. Bf3 $142) 40... Bxe5 41. Bf4 (41. Bf3 $142) 41... Bd4+ 42. Kh2 Bxb6 43. e5 Ra1 $19 0-1

[Event "17th Izmir Open 2018"]
[Site "Izmir"]
[Date "2018.09.13"]
[Round "8.9"]
[White "Aydin, Akin"]
[Black "Taspinar, Yanki"]
[Result "1/2-1/2"]
[ECO "A05"]
[WhiteElo "1726"]
[BlackElo "1961"]
[Annotator "NA RC"]
[PlyCount "62"]
[EventDate "2018.09.09"]
[EventType "swiss"]
[EventCountry "TUR"]
[SourceTitle "playchess.com"]
[Source "ChessBase"]
[SourceQuality "1"]
[TimeControl "5400+30"]

1. Nf3 Nf6 2. g3 g6 3. b3 Bg7 4. Bb2 O-O 5. Bg2 d5 6. c4 c5 7. cxd5 {A05: Réti Opening: 1 Nf3 Nf6} Nxd5 8. Bxg7 Kxg7 9. O-O {LiveBook: 34 Games} Nf6 10. Qc1 $146 ({Predecessor:} 10. d4 cxd4 11. Qxd4 Nc6 12. Qxd8 Rxd8 13. Nc3 Bg4 14. h3 Bxf3 15. Bxf3 {½-½ (28) Popilski,G (2564)-Drozdowski,K (2507) Arlington 2016}) 10... Na6 11. Nc3 Rb8 12. Rd1 Bg4 13. Qb2 Bxf3 14. Bxf3 e5 15. Rac1 Qe7 16. d3 Nc7 17. Ne4 Nxe4 18. Bxe4 f5 19. Bg2 Kg8 (19... b6 $14) 20. Qc3 (20. Qa3 $16) 20... Na6 $1 21. Bd5+ Kg7 22. a3 Rfd8 23. Bg2 Qd6 24. Rd2 b6 25. Qc4 b5 26. Qc2 Rd7 27. Qb2 Kg8 (27... Rb6 $14) 28. Rdc2 Rbd8 ({Better is} 28... Qd4 $14) 29. h4 h6 {[#]} 30. Bh3 (30. b4 $1 $18 ) 30... Rf7 {[#]} 31. b4 $1 f4 $16 1/2-1/2

[Event "17th Izmir Open 2018"]
[Site "Izmir"]
[Date "2018.09.13"]
[Round "8.10"]
[White "Degirmenci, Yagiz"]
[Black "Akbas, Umut Ata"]
[Result "1/2-1/2"]
[ECO "E05"]
[WhiteElo "1852"]
[BlackElo "1617"]
[Annotator "NA RC"]
[PlyCount "42"]
[EventDate "2018.09.09"]
[EventType "swiss"]
[EventCountry "TUR"]
[SourceTitle "playchess.com"]
[Source "ChessBase"]
[SourceQuality "1"]
[TimeControl "5400+30"]

1. Nf3 Nf6 2. g3 e6 3. Bg2 d5 4. d4 Be7 5. O-O O-O 6. c4 dxc4 7. Qa4 a6 8. Qxc4 b5 9. Qc2 Bb7 {LiveBook: 2736 Games} 10. a3 {E05: Open Catalan: 5 Nf3 Be7} (10. Bd2 Be4 11. Qc1 c6 12. Rd1 Nbd7 13. Nc3 Bg6 14. Bg5 Rc8 15. a3 a5 16. h4 h6 17. Bxf6 Bxf6 18. Qe3 Qb6 19. Ne4 {½-½ (28) Kramnik,V (2787)-So,W (2792) Wijk aan Zee 2018}) 10... Nbd7 11. Nc3 c5 12. Rd1 b4 $146 ({Predecessor:} 12... Rc8 13. dxc5 Bxc5 14. e3 Qb6 15. Qe2 Rfd8 16. Bd2 Be7 17. Be1 h6 18. Rac1 Nc5 19. Rxd8+ Rxd8 20. Rd1 Nd5 {0-1 (56) Najgebauer,S (2100)-Marek,S (2215) Slovakia 2006}) 13. Na4 Be4 14. Qd2 bxa3 15. bxa3 Rc8 16. Nxc5 Nxc5 17. dxc5 Bxc5 18. Qxd8 Rfxd8 19. Rxd8+ Rxd8 20. Bg5 Bf5 21. Nh4 $11 Be4 $2 (21... Bc2 $11) 1/2-1/2